 Dungeon Crawl Stone Soup version 0.31-a0-675-g238779eb0a (webtiles) character file.

Game seed: 6043467984547632933

67 qw the Shooter (level 4, -3/28 HPs)
             Began as a Gargoyle Hunter on Sept 5, 2023.
             Slain by a black bear (4 damage)
             ... on level 4 of the Dungeon.
             The game lasted 00:00:35 (1452 turns).

qw the Shooter (Gargoyle Hunter)                    Turns: 1452, Time: 00:00:35

Health: -3/28      AC: 11    Str: 15    XL:     4   Next: 16%
Magic:  4/4        EV: 11    Int:  9    God:
Gold:   47         SH:  0    Dex: 15    Spells: 3/3 levels left

rFire   . . .        Y - +0 shortbow (heavy)
rCold   . . .        (shield currently unavailable)
rNeg    + . .        b - +0 ring mail
rPois   inf          (no helmet)
rElec   +            (no cloak)
rCorr   .            h - +2 pair of gloves
SInv    .            (no boots)
Will    .....        (no amulet)
Stlth   +            (no ring)
HPRegen 0.24/turn    (no ring)
MPRegen 0.09/turn

%: no passive effects
@: no status effects
A: sickness immunity, AC +3, negative energy resistance 1, electricity
resistance, torment resistance 1, petrification resistance
a: no special abilities


You were on level 4 of the Dungeon.
You visited 1 branch of the dungeon, and saw 4 of its levels.

You collected 110 gold pieces.
You spent 63 gold pieces at shops.


Innate Abilities, Weirdness & Mutations

You are immune to sickness and miasma.
Your stone body is resilient. (AC +3)
You are immune to poison.
You resist negative energy. (rN+)
You are resistant to electric shocks. (rElec)
You are resistant to unholy torment.
You are immune to petrification.


   Skills:
 - Level 3.1 Fighting
 - Level 5.1 Ranged Weapons
 + Level 0.3 Armour
 - Level 1.5 Dodging
 - Level 1.1 Stealth


You had 3 spell levels left.
You didn't know any spells.
Your spell library was empty.

Inventory:

Hand Weapons
 Y - a +0 heavy shortbow (weapon)
Armour
 b - a +0 ring mail (worn)
 h - a +2 pair of gloves (worn)
 i - a +0 cloak
Jewellery
 c - a ring of wizardry
Scrolls
 j - a scroll of brand weapon
 k - a scroll of blinking {unknown}
Potions
 a - a potion of berserk rage {unknown}
 d - a potion of mutation {unknown}
 e - a potion of resistance {unknown}
 f - a potion of brilliance {unknown}
 g - a potion of cancellation {unknown}

Dungeon Overview and Level Annotations

Branches:
Dungeon (4/15)
 Temple: D:4-7

Altars:

Shops:
D:4 [


Message History

The black bear claws you.
You shoot an arrow. The arrow barely misses the black bear.
The arrow hits the hobgoblin!
You kill the hobgoblin!
The black bear bites you but does no damage.
The black bear closely misses you.
The black bear claws you but does no damage.
The black bear misses you.
The black bear claws you but does no damage. x2
You shoot an arrow. The arrow hits the black bear.
The black bear is moderately wounded.
The black bear bites you but does no damage.
The black bear closely misses you. x2
You shoot an arrow. The arrow hits the black bear.
The black bear is moderately wounded.
The black bear bites you. The black bear barely misses you.
The black bear misses you. The black bear barely misses you.
The black bear claws you but does no damage.
The black bear barely misses you.
You shoot an arrow. The arrow hits the black bear.
The black bear is heavily wounded.
The black bear barely misses you.
The black bear claws you but does no damage.
The black bear barely misses you.
The black bear bites you but does no damage.
The black bear barely misses you. The black bear closely misses you.
You shoot an arrow. The arrow hits the black bear.
The black bear is severely wounded.
The black bear closely misses you.
The black bear claws you but does no damage.
The black bear claws you.
The black bear bites you but does no damage.
The black bear claws you but does no damage.
The black bear closely misses you.
You shoot an arrow.
The arrow completely misses the black bear.
The black bear bites you.
The black bear claws you but does no damage. x2
The black bear bites you.
You die...

#..##.##.......#........
#..............#####....
##...?.....#......#......
.......##...##.........#..
........#........#....###.
.....#..........##...## #
........r#......##....#
.#.#...Fh#....#....#.##
.....>.##@....#...####
.#.#... #........##
....... ###.......#
.....#. ####.....# .......
##...... ..##### #......#
###.....# #..?..# #..#..


You could see a black bear, a bullfrog and a quokka.

Vanquished Creatures
  An adder (D:2)
  3 dart slugs (D:1)
  2 ball pythons (D:1)
  4 bats (D:1)
  2 endoplasms
  3 giant cockroaches
  4 goblins
  10 hobgoblins
  3 jackals (D:1)
  A quokka (D:1)
  4 frilled lizards
  7 kobolds
  2 rats (D:2)
46 creatures vanquished.

Notes
Turn   | Place    | Note
-------+----------+-------------------------------------------
     0 | D:1      | qw the Gargoyle Hunter began the quest for the Orb.
     0 | D:1      | Reached XP level 1. HP: 12/12 MP: 1/1
     0 | D:1      | 0 ||| qw: Version: 0.3-a-75-g829b12e
     0 | D:1      | 0 ||| qw: Game counter: 158
     0 | D:1      | 0 ||| qw: Melee chars always use a shield: true
     0 | D:1      | 0 ||| qw: God list: Okawaru
     0 | D:1      | 0 ||| qw: Allow faded altars: false
     0 | D:1      | 0 ||| qw: Do Orc after clearing Dungeon:15 true
     0 | D:1      | 0 ||| qw: Do second Lair branch before Depths: true
     0 | D:1      | 0 ||| qw: Lair rune preference: random
     0 | D:1      | 0 ||| qw: Goals: Normal
     0 | D:1      | 0 ||| PLANNING D:1-11
    76 | D:1      | Reached XP level 2. HP: 17/17 MP: 2/2
   202 | D:1      | Found a faded altar of an unknown god.
   273 | D:1      | Reached XP level 3. HP: 19/21 MP: 3/3
   335 | D:1      | Reached skill level 5 in Ranged Weapons
   709 | D:1      | 709 ||| UPGRADING to +0 pair of gloves.
   714 | D:1      | 714 ||| UPGRADING to +2 pair of gloves.
   724 | D:1      | 724 ||| DROPPING +0 pair of gloves.
   725 | D:1      | 725 ||| READING scroll labelled AKHIRA QUAN.
   726 | D:1      | 726 ||| READING scroll labelled ZAHIEL TEFU.
   727 | D:1      | 727 ||| READING scroll labelled YTOCAR BOXZA.
   728 | D:1      | 728 ||| DROPPING scroll of butterflies.
   842 | D:2      | Reached skill level 3 in Fighting
   886 | D:2      | Reached XP level 4. HP: 28/28 MP: 4/4
  1323 | D:2      | 1323 ||| UPGRADING to +0 ring mail.
  1333 | D:2      | 1333 ||| DROPPING +0 leather armour.
  1358 | D:3      | You fall into a shaft and drop 1 floor!
  1385 | D:4      | Found Xussec's Armour Boutique.
  1394 | D:4      | 1394 ||| BUYING +0 cloak (63 gold).
  1394 | D:4      | Bought a +0 cloak for 63 gold pieces
  1434 | D:4      | Noticed a black bear
  1436 | D:4      | Noticed a bullfrog
  1437 | D:4      | 1437 ||| Stepping ~*~*~tactically~*~*~ (retreating).
  1438 | D:4      | 1438 ||| Stepping ~*~*~tactically~*~*~ (retreating).
  1439 | D:4      | 1439 ||| Stepping ~*~*~tactically~*~*~ (retreating).
  1440 | D:4      | 1440 ||| Stepping ~*~*~tactically~*~*~ (retreating).
  1449 | D:4      | HP: 7/28 [black bear (3)]
  1452 | D:4      | HP: 1/28 [black bear (5)]
  1452 | D:4      | Slain by a black bear

Levels and vault maps discovered:
D:1:      nzn_arrival_settlement, layout_loops_ring,
          ebering_ecumenical_altar_rust
D:2:      layout_loops_ring
D:3:      layout_loops_ring, nemelex_dance_club_becter, serial_shops,
          nicolae_shop_peninsula, nicolae_shop_overgrown_old_shop,
          nicolae_shop_window_shopping, nicolae_shop_overgrown_old_shop
D:4:      layout_cave_pools, minmay_temple_entry_fiery, serial_shops, shop,
          st_stairs_2, minmay_fractal_squares_gapless_5, uniq_menkaure

Skill      XL: |  1  2  3 |
---------------+----------+-----
Ranged Weapons | 5 |  5.1
Fighting       | 3 |  3.1
Armour         | |  0.3
Dodging        | |  1.5
Stealth        | |  1.1

Action                     |  1- 3 |  4- 6 || total
---------------------------+-------+-------++-------
   Fire: Shortbow          |   100 |    30 ||   130
    Use: Scroll            |     3 |       ||     3
 Armour: Leather armour    |    18 |       ||    18
         Ring mail         |       |    38 ||    38
  Dodge: Dodged            |    25 |    29 ||    54

Table legend:
 A = Non-vault XP
 B = Vault XP
 C = Vault XP percentage of total XP
 D = Non-vault monster count
 E = Vault monster count
 F = Vault count percentage of total count
                 A         B        C        D         E       F
            +---------+---------+-------+---------+---------+-------
      Total |      94 |       2 |   2.1 |      45 |       1 |   2.2
            +---------+---------+-------+---------+---------+-------
        D:1 |      59 |       0 |   0.0 |      30 |       0 |   0.0
        D:2 |      31 |       0 |   0.0 |      13 |       0 |   0.0
        D:3 |       2 |       0 |   0.0 |       1 |       0 |   0.0
        D:4 |       2 |       2 |  50.0 |       1 |       1 |  50.0
            +---------+---------+-------+---------+---------+-------
